 Dungeon Crawl Stone Soup version 0.29-a0-1006-g0dd7720b37 (webtiles) character file.

Game seed: 1036592930693075830

1349 drpainis the Chopper (level 8, -9/70 HPs)
             Began as a Hill Orc Monk on Aug 6, 2022.
             Was a Believer of Beogh.
             Mangled by an orc warrior
             ... wielding a +0 glaive
              (12 damage)
             ... on level 7 of the Dungeon.
             The game lasted 00:09:51 (9347 turns).

drpainis the Chopper (Hill Orc Monk)                Turns: 9347, Time: 00:09:52

Health: -9/70      AC:  9    Str: 23    XL:     8   Next: 63%
Magic:  8/8        EV: 11    Int: 10    God:    Beogh [**....]
Gold:   337        SH:  0    Dex:  9    Spells: 7/7 levels left

rFire   + + +      SeeInvis .   g - +3 dagger "Ebbyip" {flame, Drain rF+++ Str+7 Dex-4}
rCold   . . .      Faith    .   (no shield)
rNeg    . . .      Spirit   .   h - +0 scale mail
rPois   .          Reflect  .   (no helmet)
rElec   .          Harm     .   i - +0 cloak
rCorr   .          Rampage  .   (no gloves)
Will    .....                   (no boots)
Stlth   ..........              x - amulet of regeneration
HPRegen 1.01/turn               c - +4 ring of slaying
MPRegen 0.11/turn               (no ring)

@: about to teleport
A: no striking features
a: Renounce Religion, Smiting


You were on level 7 of the Dungeon.
You worshipped Beogh.
Beogh was pleased with you.
You visited 2 branches of the dungeon, and saw 8 of its levels.

You collected 337 gold pieces.

Inventory:

Hand Weapons
 a - a +0 hand axe
 g - the +3 dagger "Ebbyip" (weapon) {flame, Drain rF+++ Str+7 Dex-4}
   (You found it on level 5 of the Dungeon)

   It burns those it strikes, dealing additional fire damage.
   Str:       It affects your strength (+7).
   Dex:       It affects your dexterity (-4).
   rF:        It renders you almost immune to fire.
   Drain:     It drains your maximum health when unequipped.
Missiles
 q - 12 poisoned darts (quivered)
Armour
 b - a +0 robe
 d - a +0 ring mail
 h - a +0 scale mail (worn)
 i - a +0 cloak (worn)
Jewellery
 c - a +4 ring of slaying (left hand)
 x - an amulet of regeneration (around neck)
Scrolls
 e - a scroll of blinking {unknown}
 f - 2 scrolls of noise
 j - 2 scrolls of poison {unknown}
 k - a scroll of silence {unknown}
 m - a scroll of brand weapon {unknown}
 o - 2 scrolls of vulnerability
 r - a scroll of teleportation
 s - 2 scrolls of enchant armour {unknown}
 t - a scroll of butterflies {unknown}
 u - a scroll of amnesia {unknown}
 v - a scroll of magic mapping {unknown}
 y - a scroll of summoning {unknown}
Potions
 l - a potion of curing {unknown}
 n - 2 potions of lignification {unknown}
 p - a potion of berserk rage {unknown}
 w - a potion of brilliance {unknown}
 A - 2 potions of mutation {unknown}
 B - a potion of attraction {unknown}


   Skills:
 + Level 5.9 Fighting
 + Level 2.5 Short Blades
 + Level 7.8 Axes
 + Level 6.7 Armour
 + Level 3.6 Dodging
 + Level 2.2 Stealth


You had 7 spell levels left.
You didn't know any spells.
Your spell library contained the following spells:

 Spells                   Type           Power      Damage    Failure   Level
 Apportation              Tloc           0%         N/A       65%         1
 Freeze                   Ice            0%         1d3       65%         1
 Necrotise                Necr           0%         1d4       65%         1
 Sandblast                Erth           0%         2d4       65%         1
 Summon Small Mammal      Summ           0%         N/A       65%         1
 Blink                    Tloc           0%         N/A       78%         2
 Lesser Beckoning         Tloc           0%         N/A       95%         3
 Summon Ice Beast         Ice/Summ       0%         N/A       100%        4
 Manifold Assault         Tloc           0%         N/A       100%        5


Dungeon Overview and Level Annotations

Branches:
Dungeon (7/15)             Temple (1/1) D:6

Altars:
Cheibriados
Dithmenos
Elyvilon
Hepliaklqana
Kikubaaqudgha
Makhleb
Okawaru
Ru
Trog
Uskayaw
Wu Jian
Zin
The Shining One

Shops:
D:2 *


Message History

The orc warrior closely misses you.
You barely miss the orc warrior.
The orc warrior is moderately wounded.
The orc barely misses you.
The orc warrior hits you with a +0 glaive!
You hit the orc warrior but do no damage.
The orc warrior is moderately wounded.
The orc hits you but does no damage.
The orc warrior hits you with a +0 glaive!
You hit the orc warrior but do no damage.
The orc warrior is moderately wounded.
The orc warrior hits you with a +0 glaive!!
You barely miss the orc warrior.
The orc warrior is moderately wounded.
The orc barely misses you.
The orc warrior hits you with a +0 glaive!
You hit the orc warrior but do no damage.
The orc warrior is moderately wounded.
The orc closely misses you. The orc hits you with a +0 short sword.
The orc warrior hits you with a +0 glaive.
Okay, then.
As you read the scroll of teleportation, it crumbles to dust.
You feel strangely unstable. The orc misses you. The orc closely misses you.
The orc warrior hits you with a +0 glaive!
* * * LOW HITPOINT WARNING * * *
You hit the orc warrior but do no damage.
The orc warrior is moderately wounded.
The orc hits you but does no damage. The orc hits you with a +0 short sword.
* * * LOW HITPOINT WARNING * * *
The orc warrior hits you with a +0 glaive!
* * * LOW HITPOINT WARNING * * *
You hit the orc. You burn the orc.
The orc is almost dead.
You hit the orc. You burn the orc.
You kill the orc!
Beogh accepts your kill. The orc hits you but does no damage.
The orc warrior hits you with a +0 glaive!
You die...
Beogh appreciates the orc warrior's killing of a heretic priest.

# #. .# <### ##### ..#
=.....##o## .....oo@).#
###########..# .. #..#
. #^ #o.# ...
.#####.########..#.....
.............).........
.######.#######........
#.## #........ #..#
#........


You could see an orc warrior, 2 orcs and a neutral orc priest (wandering).

Vanquished Creatures
  Eustachio (D:5)
  An ice beast (D:7)
  A black bear (D:6)
  Blork the orc (D:5)
  5 scorpions
  A howler monkey (D:6)
  2 jellies (D:6)
  6 hounds
  7 iguanas
  An orc wizard (D:6)
  7 adders
  A shadow imp (D:7)
  4 ufetubi
  4 worms
  4 dart slugs
  7 orcs
  5 endoplasms
  3 giant cockroaches
  7 goblins
  9 hobgoblins
  2 jackals (D:5)
  2 quokkas (D:1)
  2 ball pythons (D:4)
  2 bats
  3 frilled lizards
  9 kobolds
  8 rats
105 creatures vanquished.

Vanquished Creatures (others)
  2 fungi (D:1)
2 creatures vanquished.

Grand Total: 107 creatures vanquished

Notes
Turn   | Place    | Note
-------+----------+-------------------------------------------
     0 | D:1      | drpainis the Hill Orc Monk began the quest for the Orb.
     0 | D:1      | Reached XP level 1. HP: 19/19 MP: 1/1
   288 | D:1      | Reached XP level 2. HP: 16/27 MP: 2/2
   974 | D:1      | Reached XP level 3. HP: 33/33 MP: 3/3
  1035 | D:1      | Reached skill level 1 in Armour
  1562 | D:1      | Found a faded altar of an unknown god.
  2193 | D:2      | Found Pathryth's General Store.
  2232 | D:2      | Reached XP level 4. HP: 29/40 MP: 4/4
  2695 | D:2      | Reached skill level 5 in Axes
  2727 | D:2      | Found an ancient bone altar of Kikubaaqudgha.
  3303 | D:3      | Noticed a scorpion
  3312 | D:3      | Killed a scorpion
  3313 | D:3      | Reached XP level 5. HP: 16/47 MP: 5/5
  4760 | D:3      | Reached skill level 6 in Axes
  5118 | D:4      | Found a bloodstained altar of Trog.
  5134 | D:4      | Reached XP level 6. HP: 52/53 MP: 6/6
  6485 | D:5      | Entered Level 5 of the Dungeon
  6559 | D:5      | Reached skill level 7 in Axes
  6863 | D:5      | Noticed Eustachio
  6881 | D:5      | Killed Eustachio
  6882 | D:5      | Reached XP level 7. HP: 42/60 MP: 7/7
  7159 | D:5      | Reached skill level 5 in Fighting
  7312 | D:5      | Identified the +3 dagger "Ebbyip" {flame, Drain rF+++ Str+7
                  | Dex-4}
  7370 | D:5      | Noticed Blork the orc
  7388 | D:5      | Killed Blork the orc
  8106 | D:6      | Reached skill level 5 in Armour
  8242 | D:6      | Found a staircase to the Ecumenical Temple.
  8365 | D:6      | Reached skill level 1 in Short Blades
  8365 | D:6      | Reached XP level 8. HP: 55/69 MP: 8/8
  9025 | Temple   | Entered the Ecumenical Temple
  9229 | D:7      | Got the Tome of the Wintry Caves
  9332 | D:7      | Became a worshipper of Beogh the Brigand
  9332 | D:7      | Reached * piety under Beogh
  9332 | D:7      | Reached ** piety under Beogh
  9345 | D:7      | HP: 1/70 [orc warrior/+0 glaive (11)]
  9347 | D:7      | Mangled by an orc warrior

Illustrated notes

Levels and vault maps discovered:
D:1:      spicycebolla_arrival_clurvy, layout_basic,
          dreamdust_ecumenical_altar_hidden_monk_grotto, supply_closet_lemuel
D:2:      layout_basic, serial_shops, nicolae_lakefront_shop, basic_altar
D:3:      layout_loops_ring, serial_glass, glass_columns_a, glass_columns_a,
          glass_columns_b, glass_columns_b, minmay_liquid_box
D:4:      layout_layer_cave, kennysheep_little_box
D:5:      layout_gridville, uniq_blork_the_orc, uniq_eustachio
D:6:      layout_loops_ring, minmay_temple_entry_poolview,
          kennysheep_generic_room_10
D:7:      layout_basic, nicolae_qazlal_eye_of_the_storm
Temple:   jpeg_temple_clearing

Skill      XL: |  1  2  3  4  5  6  7  8 |
---------------+-------------------------+-----
Fighting       | 4 5 |  5.9
Armour         | 1 2 3 4 5 6 |  6.7
Axes           | 5 6 7 |  7.8
Dodging        | 3 |  3.6
Stealth        | 2 |  2.2
Short Blades   | 1 2 |  2.5

Action                   |  1- 3 |  4- 6 |  7- 9 || total
-------------------------+-------+-------+-------++-------
Melee: Hand axe          |   109 |   204 |    21 ||   334
       Punch             |     1 |     2 |     3 ||     6
       Dagger            |       |       |   177 ||   177
Invok: Convert to Beogh  |       |       |     1 ||     1
  Use: Scroll            |       |     3 |     3 ||     6
       Potion            |       |     4 |     4 ||     8
Armor: Ring mail         |    17 |       |       ||    17
       Robe              |     1 |       |       ||     1
       Scale mail        |    27 |    90 |    69 ||   186
Dodge: Dodged            |    53 |   108 |   121 ||   282

Table legend: (Time is in decaauts)
 A = Elapsed time spent in this place.
 B = Non-inter-level travel time spent in this place.
 C = Inter-level travel time spent in this place.
 D = Time resting spent in this place.
 E = Time spent auto-exploring this place.
 F = Levels seen in this place.
 G = Mean time per level.
                   A        B        C        D        E       F      G
               +--------+--------+--------+--------+--------+-----+--------+
         Total |   9345 |   9260 |     85 |   3225 |   4473 |   8 | 1168.1 |
       Dungeon |   9210 |   9125 |     85 |   3225 |   4381 |   7 | 1315.7 |
        Temple |    134 |    134 |      0 |      0 |     92 |   1 |  134.0 |
               +--------+--------+--------+--------+--------+-----+--------+

Top non-repeatable levels by time:
     D:3: 1964 daAuts
     D:1: 1787 daAuts
     D:5: 1558 daAuts
     D:4: 1467 daAuts
     D:2: 1277 daAuts
     D:6: 1009 daAuts
     D:7: 145 daAuts
  Temple: 134 daAuts
